Map: Breakwater LE

Players

BUTKO

  • Race: Terran Terran
  • League: Silver
  • Spawn Location: 1:00

Vincentius

  • Race: Terran Terran
  • League: Gold
  • Spawn Location: 1:00

Ekelpack - Winner!

  • Race: Zerg Zerg
  • Spawn Location: 7:00

Nyck - Winner!

  • Race: Terran Terran
  • Spawn Location: 7:00

VOD

Have the link to the VOD?

Description

Time

  • Played on: April 1, 2025, 1:18 p.m.
  • Length: 12:42
Show
View Real Time Build Order
Export as new Build Order

BUTKO Terran 

Build Orders:  

Get SALT Encoding   

  12  0:01  SCV  
  13  0:15  SCV  
  14  0:29  SCV  
  14  0:32  Supply Depot, Refinery  
  15  0:37  Refinery  
  15  0:57  Barracks  
  15  0:59  SCV  
  16  1:12  SCV  
  17  1:28  SCV  
  18  1:45  Barracks Reactor  
  18  1:56  Factory  
  18  2:00  Engineering Bay  
  19  2:10  Orbital Command  
  18  2:19  Supply Depot  
  18  2:22  Marine x2  
  20  2:39  Marine  
  20  2:45  Factory Tech Lab  
  20  2:48  Starport  
  20  3:06  Cyclone  
  22  3:33  Medivac  
  24  3:38  Cyclone  
  27  4:02  SCV  
  28  4:20  Command Center  
  28  4:23  Starport Reactor  
  28  4:25  Marine x2  
  30  4:35  SCV  
  30  4:37  Supply Depot  
  31  4:59  Marine, Cyclone  
  32  5:29  SCV  
  32  5:31  Factory  
  33  5:36  SCV  
  33  5:38  Refinery  
  33  5:41  SCV  
  35  5:48  SCV  
  36  5:53  SCV  
  37  6:11  Viking x2  
  41  6:12  SCV x2  
  43  6:24  SCV x2  
  45  6:36  SCV  
  42  6:51  Siege Tank, Viking x2  
  42  6:52  Marine x2  
  46  6:54  Terran Infantry Weapons Level 1  
  46  6:58  Orbital Command  
  42  7:10  Marine x2  
  33  7:28  Marine x2, Viking x2  
  34  7:44  Cyclone  
  34  7:46  Marine x2  
  34  7:49  SCV x2  
  41  7:53  Factory Tech Lab  
  41  8:05  Missile Turret  
  41  8:12  Missile Turret  
  41  8:17  Hellion x2  
  45  8:23  SCV  
  45  8:24  SCV  
  45  8:25  Missile Turret  
  47  8:30  Marine x2  
  49  8:38  SCV, Hellion  
  49  8:39  SCV  
  53  8:48  Marine  
  54  8:59  Supply Depot  
  54  9:01  SCV  
  54  9:02  Hellion  
  57  9:07  Supply Depot  
  57  9:08  SCV  
  58  9:20  SCV  
  58  9:22  Supply Depot  
  58  9:23  Hellion, Medivac x2  
  65  9:25  Marine  
  64  9:32  Supply Depot  
  64  9:52  Viking  
  64  9:53  Viking  
  64  9:57  Marine  
  64  9:58  Marine  
  52  10:22  Medivac  
  52  10:25  Viking  
  48  10:29  Marine  
  48  10:30  Marine  
  48  10:32  Cyclone  
  39  10:47  Marine  
  39  10:48  Siege Tank, Marine  
  44  10:52  Viking  
  44  10:54  SCV x2  
  44  10:55  Viking  
  50  11:04  Cyclone  
  50  11:05  Marine  
  50  11:06  SCV, Marine  
  56  11:19  SCV  
  56  11:20  Siege Tank  
  56  11:22  Viking  
  56  11:23  Marine  
  56  11:24  Marine  
  56  11:25  Medivac  
  66  11:31  Starport  
  66  11:32  Armory  
  66  11:33  SCV  
  66  11:34  SCV  
  68  11:45  SCV  
  68  11:46  SCV  
  70  11:55  Marine  
  70  11:56  Siege Tank x2  
  70  11:57  SCV  
  70  11:58  SCV  
Show
View Real Time Build Order
Export as new Build Order

Vincentius Terran 

Build Orders:  

Get SALT Encoding   

  12  0:00  SCV  
  13  0:13  SCV  
  14  0:20  Supply Depot  
  14  0:37  SCV  
  15  0:43  Barracks  
  15  0:48  Refinery  
  15  0:49  SCV  
  16  1:07  SCV  
  16  1:08  Refinery  
  17  1:19  SCV  
  18  1:30  Supply Depot  
  18  1:31  SCV  
  19  1:39  Marine  
  20  1:43  SCV  
  20  1:46  Factory  
  21  1:55  SCV  
  21  1:57  Marine  
  23  2:09  SCV  
  23  2:14  Marine  
  25  2:23  Orbital Command  
  25  2:30  Factory Tech Lab  
  25  2:46  Command Center  
  25  2:52  Starport  
  25  2:56  SCV  
  26  3:00  Marine  
  27  3:09  Supply Depot  
  27  3:19  SCV  
  28  3:20  Siege Tank  
  31  3:37  Starport Tech Lab  
  31  3:41  Fusion Core  
  31  3:43  Supply Depot  
  31  4:00  SCV  
  32  4:07  Supply Depot  
  32  4:12  SCV  
  33  4:24  Orbital Command, SCV  
  34  4:32  Battlecruiser  
  34  4:38  Supply Depot  
  40  4:50  SCV  
  40  4:51  SCV  
  42  4:57  Armory  
  42  5:02  SCV  
  43  5:07  Engineering Bay  
  43  5:08  SCV  
  44  5:14  SCV  
  44  5:20  SCV  
  46  5:26  SCV  
  47  5:43  Weapon Refit  
  47  6:03  Battlecruiser  
  47  6:39  Starport  
  47  6:41  Refinery x2  
  47  6:43  Marine  
  47  6:44  Command Center  
  48  6:48  SCV x2  
  48  6:52  Missile Turret  
  50  6:55  Terran Ship Weapons Level 1  
  50  6:56  Missile Turret  
  50  6:57  Missile Turret  
  50  7:00  SCV x2  
  52  7:01  Marine  
  52  7:02  Supply Depot, Thor  
  59  7:12  SCV  
  59  7:13  SCV  
  60  7:19  Marine  
  61  7:25  Supply Depot, SCV x2, Terran Infantry Weapons Level 1  
  63  7:31  Starport Tech Lab  
  63  7:37  Marine  
  63  7:41  Battlecruiser  
  70  7:50  Missile Turret  
  70  7:51  Missile Turret  
  70  7:55  Marine, Missile Turret  
  70  7:57  SCV x2  
  73  8:12  Battlecruiser  
  79  8:23  SCV x2  
  81  8:48  Battlecruiser  
  87  8:52  Barracks Tech Lab  
  87  9:02  Planetary Fortress  
  87  9:15  Refinery  
  87  9:17  Refinery  
  87  9:20  Thor  
  93  9:29  Combat Shield  
  93  9:40  SCV  
  94  9:52  SCV, Battlecruiser  
  101  10:04  SCV  
  102  10:16  SCV  
  97  10:29  SCV  
  78  10:44  Battlecruiser  
  78  10:49  Marine  
  85  10:51  SCV  
  85  10:52  Thor  
  87  11:07  Marine  
  80  11:19  Battlecruiser  
  80  11:24  Marine  
  87  11:30  Command Center  
  85  11:42  Marine  
  52  12:00  Marine  
Show
View Real Time Build Order
Export as new Build Order

Ekelpack Zerg - Winner!

Build Orders: Hatch First 

Get SALT Encoding   

  12  0:00  Drone  
  13  0:12  Overlord  
  13  0:17  Drone  
  14  0:31  Drone x2  
  14  0:35  Drone  
  17  0:54  Hatchery, Drone  
  17  0:58  Extractor  
  17  0:59  Drone  
  17  1:13  Spawning Pool  
  17  1:16  Drone  
  17  1:20  Drone  
  18  1:30  Drone  
  19  1:40  Drone  
  20  1:59  Queen  
  22  2:04  Metabolic Boost  
  22  2:06  Queen  
  22  2:07  Drone  
  25  2:09  Drone  
  25  2:12  Overlord  
  26  2:20  Zergling x4  
  28  2:32  Drone  
  28  2:34  Drone x2  
  31  2:41  Lair  
  31  2:51  Drone  
  32  2:52  Drone  
  32  2:54  Drone  
  32  2:55  Drone  
  32  2:57  Extractor  
  34  2:59  Extractor  
  34  3:02  Extractor  
  34  3:03  Drone  
  33  3:05  Drone  
  34  3:25  Overlord  
  34  3:29  Drone x2  
  36  3:41  Overlord  
  36  3:45  Drone  
  36  3:46  Drone x6  
  43  3:51  Spire  
  43  3:55  Hatchery  
  41  4:08  Drone x2  
  43  4:15  Drone x3  
  43  4:16  Overlord  
  46  4:23  Queen  
  48  4:25  Overlord  
  48  4:55  Overlord x2  
  48  4:57  Zergling x8  
  48  4:58  Zergling x2  
  53  5:05  Mutalisk x2  
  53  5:06  Mutalisk x4  
  64  5:26  Drone x4  
  68  5:43  Drone x3, Extractor  
  68  5:44  Drone x4, Extractor  
  70  5:53  Queen  
  67  6:09  Zerg Flyer Weapons Level 1  
  67  6:10  Corruptor  
  67  6:11  Corruptor x4  
  72  6:35  Queen  
  68  6:43  Zergling x2  
  68  6:44  Zergling x8  
  68  6:45  Drone x2  
  68  6:46  Drone x3  
  73  7:04  Drone  
  74  7:18  Drone x3  
  74  7:19  Overlord  
  77  7:25  Infestation Pit  
  77  7:28  Drone x7  
  77  7:29  Drone  
  84  7:40  Overlord  
  84  7:47  Hydralisk Den  
  84  7:50  Drone, Evolution Chamber  
  83  7:53  Evolution Chamber  
  82  8:21  Hydralisk x3  
  82  8:22  Hydralisk x6  
  82  8:23  Hydralisk x2  
  82  8:25  Overlord x4  
  82  8:26  Overlord  
  102  8:37  Zerg Missile Weapons Level 1  
  102  8:38  Zerg Ground Armor Level 1  
  102  8:39  Grooved Spines  
  102  8:43  Overlord x2  
  102  8:57  Hydralisk x2  
  102  8:58  Hydralisk x7  
  102  8:59  Hydralisk x2  
  124  9:10  Hive  
  124  9:11  Overlord  
  124  9:28  Hydralisk x4  
  124  9:29  Muscular Augments  
  126  10:00  Hydralisk  
  126  10:01  Hydralisk x7  
  126  10:02  Hydralisk x6  
  149  10:21  Hydralisk x3  
  149  10:22  Overlord x2, Hydralisk x3  
  149  10:23  Overlord  
  151  10:37  Hydralisk x5  
  151  10:38  Hydralisk x4  
  151  11:11  Hydralisk x3  
  151  11:12  Hydralisk x2  
  161  11:21  Zergling x10  
  161  11:22  Zergling x6  
  143  11:50  Unknown  
  121  12:16  Hydralisk x4  
Show
View Real Time Build Order
Export as new Build Order

Nyck Terran - Winner!

Build Orders: Reaper Expand 

Get SALT Encoding   

  12  0:00  SCV  
  13  0:12  SCV  
  14  0:17  Supply Depot  
  14  0:24  SCV  
  15  0:38  SCV  
  15  0:40  Barracks  
  16  0:50  Refinery  
  16  0:52  SCV, Refinery  
  17  1:04  SCV  
  18  1:17  SCV  
  19  1:31  Reaper  
  20  1:40  SCV  
  20  1:45  Command Center  
  21  1:52  Orbital Command  
  21  1:59  Supply Depot  
  21  2:13  Factory  
  21  2:23  SCV  
  22  2:32  Supply Depot  
  22  2:35  SCV  
  23  2:53  SCV  
  23  2:57  Orbital Command  
  24  3:07  SCV  
  25  3:19  SCV  
  26  3:29  SCV  
  26  3:38  Starport  
  26  3:43  Starport  
  26  3:47  SCV x2  
  28  3:59  SCV x2  
  30  4:05  Refinery  
  30  4:07  Refinery  
  30  4:11  SCV x2  
  30  4:15  Starport Tech Lab  
  30  4:16  Command Center  
  32  4:23  Fusion Core  
  32  4:25  Starport Tech Lab  
  32  4:29  SCV x2  
  34  4:41  SCV x2  
  36  4:46  Raven  
  27  5:05  SCV x2  
  29  5:11  Battlecruiser  
  35  5:18  SCV x2  
  37  5:29  Orbital Command  
  37  5:30  SCV x2  
  39  5:39  Engineering Bay  
  39  5:42  SCV x2  
  40  5:44  Battlecruiser  
  47  5:54  SCV  
  47  5:55  SCV  
  49  5:58  SCV  
  50  6:06  Missile Turret  
  50  6:07  SCV x2  
  50  6:10  SCV  
  47  6:25  SCV x3  
  50  6:36  Battlecruiser  
  56  6:55  SCV  
  56  6:56  SCV x2  
  59  7:37  SCV x3  
  61  7:42  Factory  
  62  7:45  Starport  
  62  7:52  Starport  
  62  7:53  Starport  
  62  7:54  SCV x3  
  65  8:00  Refinery  
  65  8:02  Refinery  
  65  8:06  SCV x3  
  68  8:13  Command Center  
  68  8:22  SCV  
  68  8:24  Weapon Refit  
  68  8:26  Starport Reactor  
  69  8:31  Supply Depot  
  69  8:32  Starport Reactor x2  
  69  8:36  Armory  
  69  8:37  Armory  
  69  8:53  SCV x3  
  69  8:54  Supply Depot  
  76  9:05  SCV x3  
  76  9:06  Viking  
  77  9:13  Viking  
  79  9:17  Supply Depot x2  
  79  9:18  SCV x3  
  82  9:27  Orbital Command  
  82  9:31  Refinery  
  82  9:32  Refinery  
  82  9:35  Viking x4  
  90  9:39  Supply Depot  
  90  9:41  Supply Depot  
  90  10:00  Battlecruiser  
  90  10:02  Viking x2  
  90  10:03  Supply Depot, Viking  
  102  10:26  Supply Depot  
  93  10:33  Battlecruiser  
  93  10:34  Viking x2  
  103  10:53  Viking x3  
  103  10:54  Viking  
  111  11:14  Supply Depot  
  111  11:30  Command Center, Viking x5  
  111  11:31  Viking x2  
  125  11:37  Supply Depot  
  125  11:50  SCV x4  
  135  12:01  Supply Depot  
  135  12:02  SCV  
  135  12:05  Command Center  
  130  12:25  Supply Depot  
Tags
 
Add a new tag
Caveats
  • Supply blocks, unpowered buildings, or Contaminate may cause inaccurate times.
  • Supply counts are checked every 10 seconds.